 Dungeon Sprint DCSS version 0.28.0-49-g6dfe1f597d (webtiles) character file.

Game seed: 7737596589343589256

800000 Revguard the Disciple of Destruction (level 12, -3/116 HPs)
             Began as a Palentonga Gladiator on May 19, 2022.
             Was a Follower of Makhleb.
             Slain by a meat berserker
             ... wielding a +9 battleaxe
              (74 damage)
             ... in the Dungeon (Sprint VIII: "Arena of Blood").
             The game lasted 00:00:48 (8 turns).

Revguard the Disciple of Destruction (PaGl)            Turns: 8, Time: 00:00:49

Health: -3/116     AC: 14    Str: 17    XL:     12   Next: 45%
Magic:  1/24       EV: 16    Int:  9    God:    Makhleb [*.....]
Gold:   0          SH:  0    Dex: 17    Spells: 11/11 levels left

rFire   . . .      SeeInvis +   k - +∞ Axe of Woe
rCold   . . .      Faith    .   (shield currently unavailable)
rNeg    . . .      Spirit   .   b - +0 leather armour
rPois   .          Reflect  .   c - +0 helmet
rElec   .          Harm     .   (no cloak)
rCorr   .          Rampage  .   (no gloves)
Will    .....      NoTele   +   (no barding)
Stlth   +.........              (no amulet)
HPRegen 0.29/turn               (no ring)
MPRegen 0.19/turn               (no ring)

@: curled up
A: large, rugged brown scales 3, see invisible, deformed body, roll 1, armoured
tail, reflexive curl
a: Rolling Charge, Renounce Religion


You were in the Dungeon.
You worshipped Makhleb.
Makhleb was aware of your devotion.
You visited 1 branch

Inventory:

Hand Weapons
 a - a +0 war axe
 k - the +∞ Axe of Woe (weapon)
   (You found it in the Dungeon)
Missiles
 d - 3 throwing nets (quivered)
Armour
 b - a +0 leather armour (worn)
 c - a +0 helmet (worn)
Scrolls
 j - a scroll of blinking
Potions
 e - a potion of curing
 f - a potion of heal wounds
 g - a potion of haste
 h - 2 potions of magic
 i - a potion of berserk rage


   Skills:
 + Level 15.0 Fighting
 + Level 15.1 Axes
 - Level 1.3 Throwing
 + Level 12.6 Armour
 + Level 12.9 Dodging
 + Level 16.1 Invocations


You had 11 spell levels left.
You didn't know any spells.
Your spell library was empty.

Dungeon Overview and Level Annotations

Branches:
Dungeon (1/1)

Altars:
Makhleb


Innate Abilities, Weirdness & Mutations

You are completely covered in rugged brown scales. (AC +3, +7% HP)
You have supernaturally acute eyesight. (SInv)
Armour fits poorly on your strangely shaped body.
You can roll at nearby foes to attack.
You have a long armoured tail.
You curl defensively after being hit. (AC +7*)


Message History

You have reached level 11!
Roll where?
Press: ? - help, Dir - move target, f - bag of meat
Aim: a bag of meat, wielding a +9 war axe and wearing a +30 ring of slaying You roll forward with a clatter of scales!
A bag of meat comes into view. It is wielding a +9 war axe.
The bag of meat shouts!
You slice the bag of meat!!
You butcher the bag of meat messily.
You kill the bag of meat!
Makhleb accepts your kill.
You hear a shout! x11
A meat berserker comes into view. It is wielding a +9 battleaxe.
You hear a shout!
A meat berserker comes into view. It is wielding a +9 battleaxe.
You hear a shout!
Your Fighting skill gained 2 levels and is now at level 15!
Your Axes skill increases to level 15!
Your Armour skill increases to level 12!
Your Dodging skill increases to level 12!
Your Invocations skill gained 2 levels and is now at level 16!
You have reached level 12!
You feel clever.
Roll where?
Press: ? - help, Dir - move target, f - bag of meat
Aim: a bag of meat, wielding a +9 war axe and wearing a +30 ring of slaying You roll forward with a clatter of scales!
A destroyer, 7 bags of meat and 3 meat berserkers come into view.
The destroyer is wielding a +9 vorpal great sword.
The bag of meat shouts!
The meat berserker shouts!
The bag of meat shouts! x3
You slash the bag of meat!
You fatally mangle the bag of meat.
You kill the bag of meat!
Makhleb accepts your kill.
You hear a shout! x5
The meat berserker hits you with a +9 battleaxe!!!
A bag of meat comes into view. It is wielding a +9 war axe. x3
You hear a shout!
A bag of meat comes into view. It is wielding a +9 war axe.
The meat berserker hits you with a +9 battleaxe!!!!
Ouch! That really hurt!
You die...

.........o.o.####.o
.................o.
......o............
.......Oo..........
........o.....O....
#.......#.O......O.
#......)#.OO)...oV.
.###......○###@...Ooo.
......###.)○○○.......o
......_.............o
#.....#...o...#.#.
#_.<._#........oo.
#.....#......#.#.#
......_............ o
......###.........#.#
.###.. ...###.....


You could see a destroyer, 7 meat berserkers and 16 bags of meat.

Vanquished Creatures
  4 orcs (D)
4 creatures vanquished.

Notes
Turn   | Place    | Note
-------+----------+-------------------------------------------
     0 | D        | Found the +∞ Axe of Woe
     0 | D        | Revguard the Palentonga Gladiator began the quest for the
                  | Orb.
     0 | D        | Reached XP level 1. HP: 17/17 MP: 1/1
     1 | D        | Noticed a bag of meat
     3 | D        | Became a worshipper of Makhleb the Destroyer
     5 | D        | Noticed a bag of meat
     5 | D        | Noticed a bag of meat
     5 | D        | Noticed a bag of meat
     5 | D        | Killed a bag of meat
     5 | D        | Noticed a bag of meat
     5 | D        | Noticed a meat berserker
     5 | D        | Noticed a bag of meat
     5 | D        | Noticed a bag of meat
     6 | D        | Reached skill level 10 in Armour
     6 | D        | Reached skill level 10 in Dodging
     6 | D        | Reached skill level 12 in Invocations
     6 | D        | Reached XP level 2. HP: 40/40 MP: 1/9
     6 | D        | Reached XP level 3. HP: 47/47 MP: 1/10
     6 | D        | Reached XP level 4. HP: 54/54 MP: 1/12
     6 | D        | Reached XP level 5. HP: 60/60 MP: 1/13
     6 | D        | Reached XP level 6. HP: 68/68 MP: 1/15
     6 | D        | Gained mutation: You curl defensively after being hit. (AC
                  | +7*) [Palentonga growth]
     6 | D        | Reached XP level 7. HP: 74/74 MP: 1/16
     6 | D        | Reached XP level 8. HP: 81/81 MP: 1/17
     6 | D        | Reached XP level 9. HP: 87/87 MP: 1/18
     6 | D        | Reached XP level 10. HP: 95/95 MP: 1/19
     6 | D        | Killed a bag of meat
     6 | D        | Reached * piety under Makhleb
     6 | D        | Noticed a bag of meat
     6 | D        | Noticed a meat berserker
     6 | D        | Noticed a bag of meat
     7 | D        | Reached skill level 14 in Invocations
     7 | D        | Reached XP level 11. HP: 105/105 MP: 1/22
     7 | D        | Noticed a bag of meat
     7 | D        | Killed a bag of meat
     7 | D        | Noticed a meat berserker
     7 | D        | Noticed a meat berserker
     8 | D        | Reached skill level 15 in Fighting
     8 | D        | Reached skill level 15 in Axes
     8 | D        | Reached skill level 16 in Invocations
     8 | D        | Reached XP level 12. HP: 116/116 MP: 1/24
     8 | D        | Noticed a bag of meat
     8 | D        | Noticed a meat berserker
     8 | D        | Noticed a destroyer
     8 | D        | Noticed a meat berserker
     8 | D        | Noticed a bag of meat
     8 | D        | Noticed a bag of meat
     8 | D        | Noticed a bag of meat
     8 | D        | Noticed a bag of meat
     8 | D        | Noticed a bag of meat
     8 | D        | Noticed a bag of meat
     8 | D        | Noticed a meat berserker
     8 | D        | Killed a bag of meat
     8 | D        | Noticed a bag of meat
     8 | D        | Noticed a bag of meat
     8 | D        | Noticed a bag of meat
     8 | D        | Noticed a bag of meat
     8 | D        | Slain by a meat berserker

Illustrated notes

Levels and vault maps discovered:
D:        meatsprint

Skill      XL: |  1  2  3  4  5  6  7  8  9 10 11 |
---------------+----------------------------------+-----
Fighting       | 12 13 15 | 15.0
Axes           | 12 14 15 | 15.1
Armour         | 10 11 12 | 12.6
Dodging        | 10 11 12 | 12.9
Invocations    | 12 14 16 | 16.1
Throwing       | |  1.3

Action                   |  1- 3 |  4- 6 |  7- 9 | 10-12 || total
-------------------------+-------+-------+-------+-------++-------
Melee: Executioner's axe |     1 |       |       |     3 ||     4
 Abil: Rolling Charge    |     1 |       |       |     2 ||     3
